Rangers vs Oilers

Created - 17 janvier 2018 at 07:54

Goals
1 2 3 T
Rangers 1 2 1 4
Oilers 0 1 1 2
Shots
1 2 3 T
Rangers 13 14 15 42
Oilers 10 13 3 26

1st period

1. Rangers , Brayden Schenn 18 (Artemi Panarin 26, Jason Spezza 18) at 11:52 (PP)

Penalties :
Corey Perry (EDM) for Hooking (Minor) at 11:39, Mike Ribeiro (NYR) for Cross-checking (Minor) at 12:39

2nd period

2. Rangers , Brayden Schenn 19 (Jason Spezza 19) at 0:04
3. Rangers , Mike Ribeiro 17 (Kyle Connor 8, Justin Williams 16) at 2:57 (PP)
4. Oilers , Sonny Milano 2 (Nico Hischier 10) at 18:32

Penalties :
Justin Abdelkader (EDM) for Cross-checking (Minor) at 1:28, Brayden Schenn (NYR) for Holding Stick (Minor) at 16:21

3rd period

5. Rangers , Kyle Connor 6 (Mike Ribeiro 12) at 7:00
6. Oilers , Corey Perry 15 (Aaron Ekblad 9, Justin Abdelkader 12) at 19:48

Penalties :
Johan Larsson (NYR) for Holding (Minor) at 3:00, Zdeno Chara (NYR) for Tripping (Minor) at 11:15

Goalie Stats

Henrik Lundqvist (NYR), 24 saves from 26 shots - (0,923), W, 19-10-6, 60:00 minutes
Thomas Greiss (EDM), 38 saves from 42 shots - (0,905), L, 19-12-5, 60:00 minutes

Players Stats for Rangers

Player Name              G  A  P  +/- PIM S  H  SB GA TA FO     MP     PP MP  PK MP  
------------------------------------------------------------------------------------
Artemi Panarin           0  1  1  -1  0   7  0  0  0  1  1/1    17:55   1:04   0:00 
Ben Smith                0  0  0   0  0   2  0  0  0  0  0/5    12:06   0:00   3:54 
Brayden Schenn           2  0  2  -1  2   6  4  1  0  0  0/1    19:41   1:04   1:47 
Esa Lindell              0  0  0  -1  0   1  3  0  0  1  0/0    21:06   0:00   1:17 
Gustav Olofsson          0  0  0   1  0   2  0  1  0  1  0/0    14:30   0:00   0:00 
Ian Cole                 0  0  0   1  0   3  2  1  0  1  0/0    21:28   0:33   4:36 
Jason Chimera            0  0  0   0  0   1  0  0  0  0  0/0    12:06   0:00   0:39 
Jason Spezza             0  2  2  -1  0   0  0  0  0  0  10/22  17:55   1:04   0:00 
Johan Larsson            0  0  0   0  2   1  0  0  0  0  2/4    11:04   0:00   3:08 
Justin Williams          0  1  1   1  0   2  0  0  1  0  0/1    14:30   0:38   0:00 
Kyle Connor              1  1  2   1  0   8  0  0  2  0  1/1    16:37   0:38   2:07 
Matt Niskanen            0  0  0   0  0   1  2  0  1  0  0/0    20:53   1:09   3:20 
Mike Ribeiro             1  1  2   1  2   4  1  0  0  0  6/20   14:45   0:38   0:00 
Nick Ritchie             0  0  0   0  0   1  0  0  0  1  1/1    11:26   0:00   0:00 
Ron Hainsey              0  0  0   0  0   0  1  0  1  0  0/0    18:43   1:09   3:20 
Shawn Matthias           0  0  0   0  0   1  0  0  0  0  0/0    11:02   0:00   2:49 
Torrey Mitchell          0  0  0   0  0   2  3  0  0  0  4/6    12:54   0:00   1:28 
Zdeno Chara              0  0  0  -1  2   0  1  2  0  1  0/0    23:19   0:33   3:19 

Players Stats for Oilers

Player Name              G  A  P  +/- PIM S  H  SB GA TA FO     MP     PP MP  PK MP  
------------------------------------------------------------------------------------
Aaron Ekblad             0  1  1  -1  0   0  3  0  1  1  0/0    24:58   4:47   1:05 
Cameron Gaunce           0  0  0   0  0   0  0  0  0  0  0/0     2:20   0:00   0:00 
Chris Kelly              0  0  0   1  0   0  0  0  0  0  2/3     7:22   0:23   0:00 
Corey Perry              1  0  1  -1  2   8  1  1  0  1  0/3    21:10   4:17   0:43 
Jordan Eberle            0  0  0   0  0   2  1  0  1  0  0/0    18:50   3:25   0:43 
Justin Abdelkader        0  1  1  -1  2   1  1  1  1  0  0/0    20:21   4:17   0:00 
Kyle Quincey             0  0  0   0  0   0  1  0  0  0  0/0    20:25   3:09   0:37 
Marc-Edouard Vlasic      0  0  0  -1  0   2  2  0  0  0  0/0    27:18   4:47   1:05 
Marco Scandella          0  0  0   0  0   1  0  2  1  0  0/0    20:25   3:09   0:37 
Mikael Backlund          0  0  0   0  0   2  2  1  2  0  10/14  23:16   3:25   0:50 
Nico Hischier            0  1  1   1  0   1  0  1  0  0  5/12   13:00   0:14   0:00 
Pierre-Alexandre Parente 0  0  0   0  0   2  1  2  0  0  0/0    18:07   3:25   0:00 
Ryan Johansen            0  0  0  -1  0   2  1  0  0  1  17/26  26:17   4:21   0:56 
Sonny Milano             1  0  1   1  0   2  1  0  0  0  0/0    11:23   0:01   0:00 
Tyler Motte              0  0  0   0  0   1  1  1  0  0  0/0     8:13   0:00   0:00 
Vernon Fiddler           0  0  0   0  0   0  0  0  0  0  3/4    10:17   0:00   0:12 
Vince Dunn               0  0  0   1  0   2  0  0  0  1  0/0    12:17   0:00   0:00 
Zbynek Michalek          0  0  0   1  0   0  0  1  0  1  0/0    12:17   0:00   0:00 

3 Stars

1 - Brayden Schenn (NYR)
2 - Kyle Connor (NYR)
3 - Mike Ribeiro (NYR)

Power Play

Rangers - 2 on 2 Attempt(s) - 100,00%
Oilers - 0 on 4 Attempt(s) - 0,00%

Penalty Kill

Rangers - 4 on 4 Attempt(s) - 100,00% - Score 0 goal in Penalty Kill
Oilers - 0 on 2 Attempt(s) - 0,00% - Score 0 goal in Penalty Kill

Team Stat

Rangers - Hits : 17 - Faceoff Wins : 25 - Blocked Shots : 5 - Penalty Minutes : 8
Oilers - Hits : 15 - Faceoff Wins : 37 - Blocked Shots : 10 - Penalty Minutes : 4

Official

Referees : Mike Hasenfratz and Gord Dwyer
Linesman : Steve Miller and Derek Nansen

Game Notes

No Game Note

Finance

Level 1 -- Attendance: 4359 (72,65%) -- Ticket Income 457 695 $
Level 2 -- Attendance: 3978 (79,56%) -- Ticket Income 258 570 $
Level 3 -- Attendance: 1538 (76,90%) -- Ticket Income 58 444 $
Level 4 -- Attendance: 3334 (83,35%) -- Ticket Income 76 682 $
Luxury Box -- Attendance: 787 (78,70%) -- Ticket Income 149 530 $
Game was played at the Edmonton Coliseum.
Total Attendance: 13996 (77,76%)
Total Ticket Income: 1 000 921 $
Other Income: 490 451 $
Total Income: 1 491 372 $

Rangers

5 vs 5 Forward 
   Center                   Left Wing                Right Wing               Time % Phy DF OF 
 1 Jason Spezza             Artemi Panarin           Brayden Schenn           36     0   2  3  
 2 Mike Ribeiro             Kyle Connor              Justin Williams          32     0   2  3  
 3 Torrey Mitchell          Nick Ritchie             Jason Chimera            20     0   3  2  
 4 Johan Larsson            Shawn Matthias           Ben Smith                12     0   4  1  

5 vs 5 Defense 
   Defense                  Defense                                           Time % Phy DF OF 
 1 Zdeno Chara              Esa Lindell                                       39     1   2  2  
 2 Matt Niskanen            Ian Cole                                          34     1   2  2  
 3 Ron Hainsey              Gustav Olofsson                                   27     1   2  2  
 4 Esa Lindell              Gustav Olofsson                                   0      1   2  2  

PowerPlay Forward 
   Center                   Left Wing                Right Wing               Time % Phy DF OF 
 1 Jason Spezza             Artemi Panarin           Brayden Schenn           60     0   1  4  
 2 Mike Ribeiro             Kyle Connor              Justin Williams          40     0   1  4  

PowerPlay Defense
   Defense                  Defense                                           Time % Phy DF OF 
 1 Matt Niskanen            Ron Hainsey                                       60     0   1  4  
 2 Zdeno Chara              Ian Cole                                          40     0   1  4  

Penalty Kill 4 Players Forward 
   Center                   Wing                     Time % Phy DF OF 
 1 Ben Smith                Johan Larsson            60     0   4  1  
 2 Torrey Mitchell          Shawn Matthias           40     0   4  1  

Penalty Kill 4 Players Defense
   Defense                  Defense                  Time % Phy DF OF 
 1 Zdeno Chara              Ian Cole                 60     0   4  1  
 2 Matt Niskanen            Ron Hainsey              40     0   4  1  

Penalty Kill - 3 Players Forward 
   Forward                                           Time % Phy DF OF 
 1 Ben Smith                                         60     0   4  1  
 2 Torrey Mitchell                                   40     0   4  1  

Penalty Kill - 3 Players Defense
   Defense                  Defense                  Time % Phy DF OF 
 1 Zdeno Chara              Esa Lindell              60     0   4  1  
 2 Ian Cole                 Ron Hainsey              40     0   4  1  

4 vs 4 Forward 
   Center                   Wing                     Time % Phy DF OF 
 1 Torrey Mitchell          Jason Chimera            60     0   3  2  
 2 Ben Smith                Johan Larsson            40     0   3  2  

4 vs 4 Defense
   Defense                  Defense                  Time % Phy DF OF 
 1 Matt Niskanen            Ian Cole                 60     0   3  2  
 2 Zdeno Chara              Ron Hainsey              40     0   3  2  

Last Minutes Offensive
   Center                   Left Wing                Right Wing               Defense                  Defense                  
   Brayden Schenn           Artemi Panarin           Jason Chimera            Matt Niskanen            Ian Cole                 

Last Minutes Defensive
   Center                   Left Wing                Right Wing               Defense                  Defense                  
   Ben Smith                Johan Larsson            Torrey Mitchell          Zdeno Chara              Esa Lindell              

Goaltenders
Starting : Henrik Lundqvist         
Backup : Philipp Grubauer         

Extra Forwards
Normal : Torrey Mitchell, Kyle Connor, Nick Ritchie - PP : Jason Chimera, Kyle Connor - PK : Shawn Matthias
Extra Defensemen
Normal : Ian Cole, Esa Lindell, Matt Niskanen - PP : Esa Lindell - PK : Esa Lindell, Ron Hainsey
Penalty Shots
Artemi Panarin, Jason Spezza, Ben Smith, Mike Ribeiro, Justin Williams
Custom OT Lines Forwards
Ben Smith, Torrey Mitchell, Kyle Connor, Shawn Matthias, Jason Chimera, Johan Larsson, Artemi Panarin, Brayden Schenn, Jason Spezza, Nick Ritchie
Custom OT Lines Defensemen
Zdeno Chara, Ian Cole, Ron Hainsey, Esa Lindell, Matt Niskanen

Scratches
Anton Lander (Healthy), Brian Flynn (Healthy)

Oilers

5 vs 5 Forward 
   Center                   Left Wing                Right Wing               Time % Phy DF OF 
 1 Ryan Johansen            Justin Abdelkader        Corey Perry              40     1   2  2  
 2 Mikael Backlund          Pierre-Alexandre ParenteaJordan Eberle            30     1   2  2  
 3 Nico Hischier            Sonny Milano             Ryan Johansen            20     1   2  2  
 4 Vernon Fiddler           Tyler Motte              Mikael Backlund          10     1   2  2  

5 vs 5 Defense 
   Defense                  Defense                                           Time % Phy DF OF 
 1 Marc-Edouard Vlasic      Aaron Ekblad                                      40     1   2  2  
 2 Kyle Quincey             Marco Scandella                                   30     1   2  2  
 3 Zbynek Michalek          Vince Dunn                                        20     1   2  2  
 4 Cameron Gaunce           Marc-Edouard Vlasic                               10     1   2  2  

PowerPlay Forward 
   Center                   Left Wing                Right Wing               Time % Phy DF OF 
 1 Ryan Johansen            Justin Abdelkader        Corey Perry              60     1   2  2  
 2 Mikael Backlund          Pierre-Alexandre ParenteaJordan Eberle            40     1   2  2  

PowerPlay Defense
   Defense                  Defense                                           Time % Phy DF OF 
 1 Marc-Edouard Vlasic      Aaron Ekblad                                      60     1   2  2  
 2 Kyle Quincey             Marco Scandella                                   40     1   2  2  

Penalty Kill 4 Players Forward 
   Center                   Wing                     Time % Phy DF OF 
 1 Ryan Johansen            Mikael Backlund          60     1   2  2  
 2 Corey Perry              Jordan Eberle            40     1   2  2  

Penalty Kill 4 Players Defense
   Defense                  Defense                  Time % Phy DF OF 
 1 Marc-Edouard Vlasic      Aaron Ekblad             60     1   2  2  
 2 Kyle Quincey             Marco Scandella          40     1   2  2  

Penalty Kill - 3 Players Forward 
   Forward                                           Time % Phy DF OF 
 1 Ryan Johansen                                     60     1   2  2  
 2 Mikael Backlund                                   40     1   2  2  

Penalty Kill - 3 Players Defense
   Defense                  Defense                  Time % Phy DF OF 
 1 Marc-Edouard Vlasic      Aaron Ekblad             60     1   2  2  
 2 Kyle Quincey             Marco Scandella          40     1   2  2  

4 vs 4 Forward 
   Center                   Wing                     Time % Phy DF OF 
 1 Ryan Johansen            Mikael Backlund          60     1   2  2  
 2 Corey Perry              Jordan Eberle            40     1   2  2  

4 vs 4 Defense
   Defense                  Defense                  Time % Phy DF OF 
 1 Marc-Edouard Vlasic      Aaron Ekblad             60     1   2  2  
 2 Kyle Quincey             Marco Scandella          40     1   2  2  

Last Minutes Offensive
   Center                   Left Wing                Right Wing               Defense                  Defense                  
   Ryan Johansen            Justin Abdelkader        Corey Perry              Marc-Edouard Vlasic      Aaron Ekblad             

Last Minutes Defensive
   Center                   Left Wing                Right Wing               Defense                  Defense                  
   Ryan Johansen            Justin Abdelkader        Corey Perry              Marc-Edouard Vlasic      Aaron Ekblad             

Goaltenders
Starting : Thomas Greiss            
Backup : Antti Niemi              

Extra Forwards
Normal : Chris Kelly, Nico Hischier, Vernon Fiddler - PP : Chris Kelly, Nico Hischier - PK : Vernon Fiddler
Extra Defensemen
Normal : Zbynek Michalek, Vince Dunn, Cameron Gaunce - PP : Zbynek Michalek - PK : Vince Dunn, Cameron Gaunce
Penalty Shots
Ryan Johansen, Mikael Backlund, Corey Perry, Jordan Eberle, Justin Abdelkader
Custom OT Lines Forwards
Ryan Johansen, Mikael Backlund, Corey Perry, Jordan Eberle, Justin Abdelkader, Nico Hischier, Pierre-Alexandre Parenteau, Vernon Fiddler, Sonny Milano, Chris Kelly
Custom OT Lines Defensemen
Marc-Edouard Vlasic, Aaron Ekblad, Kyle Quincey, Marco Scandella, Zbynek Michalek

Scratches
Seth Jones (Healthy), Connor McDavid (Healthy), Zach Palmquist (Healthy)

% Time on Ice - Rangers

Lines # - Real PCT - Wanted PCT - Time Play
Normal Forward
1 - 34% - 36% - 17:08
2 - 28% - 32% - 13:52
3 - 23% - 20% - 11:26
4 - 16% - 12% - 7:56
Normal Defense
1 - 39% - 39% - 19:28
2 - 33% - 34% - 16:24
3 - 28% - 27% - 13:53
4 - 1% - 0% - 0:37
PP Forward
1 - 63% - 60% - 1:04
2 - 37% - 40% - 0:38
PP Defense
1 - 68% - 60% - 1:09
2 - 32% - 40% - 0:33
PK Forward
1 - 82% - 60% - 6:28
2 - 18% - 40% - 1:28
PK Defense
1 - 58% - 60% - 4:36
2 - 42% - 40% - 3:20
PK3 Forward
1 - 0% - 60%
2 - 0% - 40%
PK3 Defense
1 - 0% - 60%
2 - 0% - 40%
44 Forward
1 - 0% - 60%
2 - 0% - 40%
44 Defense
1 - 0% - 60%
2 - 0% - 40%
Last Minute Offensive  - 0:00
Last Minute Defensive  - 0:00
Total
Forward - 60:00
Defense - 60:00

% Time on Ice - Oilers

Lines # - Real PCT - Wanted PCT - Time Play
Normal Forward
1 - 32% - 40% - 16:17
2 - 29% - 30% - 14:42
3 - 22% - 20% - 11:10
4 - 16% - 10% - 8:13
Normal Defense
1 - 38% - 40% - 19:06
2 - 33% - 30% - 16:39
3 - 24% - 20% - 12:17
4 - 5% - 10% - 2:20
PP Forward
1 - 57% - 60% - 4:31
2 - 43% - 40% - 3:25
PP Defense
1 - 60% - 60% - 4:47
2 - 40% - 40% - 3:09
PK Forward
1 - 58% - 60% - 0:59
2 - 42% - 40% - 0:43
PK Defense
1 - 64% - 60% - 1:05
2 - 36% - 40% - 0:37
PK3 Forward
1 - 0% - 60%
2 - 0% - 40%
PK3 Defense
1 - 0% - 60%
2 - 0% - 40%
44 Forward
1 - 0% - 60%
2 - 0% - 40%
44 Defense
1 - 0% - 60%
2 - 0% - 40%
Last Minute Offensive  - 0:00
Last Minute Defensive  - 0:00
Total
Forward - 60:00
Defense - 60:00

Play by Play

1st period


0:01 of 1st period - Ryan Johansen wins face-off versus Brayden Schenn in neutral zone.
0:16 of 1st period - Snap shot by Corey Perry.
0:16 of 1st period - Shot Misses the Net.
0:52 of 1st period - Matt Niskanen is hit by Ryan Johansen and loses puck.
1:35 of 1st period - Pierre-Alexandre Parenteau is hit by Mike Ribeiro and loses puck.
2:01 of 1st period - Off-side.
2:02 of 1st period - Nick Ritchie wins face-off versus Vernon Fiddler in neutral zone.
2:40 of 1st period - Wrist shot by Kyle Connor.
2:40 of 1st period - Stopped by Thomas Greiss with a rebound.
2:58 of 1st period - Slapshot by Tyler Motte.
2:58 of 1st period - Shot Blocked by Ian Cole.
3:08 of 1st period - Slapshot by Tyler Motte.
3:08 of 1st period - Shot Misses the Net.
3:10 of 1st period - Snap shot by Chris Kelly.
3:10 of 1st period - Shot Misses the Net.
3:12 of 1st period - Slapshot by Marc-Edouard Vlasic.
3:12 of 1st period - Shot Misses the Net.
3:14 of 1st period - Slapshot by Marc-Edouard Vlasic.
3:14 of 1st period - Shot Blocked by Brayden Schenn.
3:16 of 1st period - Snap shot by Tyler Motte.
3:16 of 1st period - Stopped by Henrik Lundqvist without a rebound.
3:17 of 1st period - Ryan Johansen wins face-off versus Mike Ribeiro in Rangers zone.
3:27 of 1st period - Off-side.
3:28 of 1st period - Ryan Johansen wins face-off versus Torrey Mitchell in neutral zone.
3:35 of 1st period - Snap shot by Corey Perry.
3:35 of 1st period - Stopped by Henrik Lundqvist without a rebound.
3:36 of 1st period - Torrey Mitchell wins face-off versus Ryan Johansen in Rangers zone.
4:41 of 1st period - Wrist shot by Corey Perry.
4:41 of 1st period - Shot Blocked by Zdeno Chara.
5:19 of 1st period - Snap shot by Ryan Johansen.
5:19 of 1st period - Shot Misses the Net.
5:21 of 1st period - Backhand shot by Marc-Edouard Vlasic.
5:21 of 1st period - Shot Blocked by Zdeno Chara.
5:23 of 1st period - Wrist shot by Justin Abdelkader.
5:23 of 1st period - Stopped by Henrik Lundqvist without a rebound.
5:24 of 1st period - Jason Spezza wins face-off versus Mikael Backlund in Rangers zone.
5:33 of 1st period - Wrist shot by Artemi Panarin.
5:33 of 1st period - Stopped by Thomas Greiss with a rebound.
6:04 of 1st period - Wrist shot by Artemi Panarin.
6:04 of 1st period - Stopped by Thomas Greiss without a rebound.
6:05 of 1st period - Vernon Fiddler wins face-off versus Justin Williams in Oilers zone.
9:08 of 1st period - Icing by Jordan Eberle.
9:09 of 1st period - Nico Hischier wins face-off versus Mike Ribeiro in Oilers zone.
10:38 of 1st period - Snap shot by Justin Williams.
10:38 of 1st period - Stopped by Thomas Greiss without a rebound.
10:39 of 1st period - Mike Ribeiro wins face-off versus Ryan Johansen in Oilers zone.
11:04 of 1st period - Backhand shot by Artemi Panarin.
11:04 of 1st period - Shot Blocked by Mikael Backlund.
11:06 of 1st period - Wrist shot by Jason Spezza.
11:06 of 1st period - Shot Blocked by Pierre-Alexandre Parenteau.
11:08 of 1st period - Slapshot by Ron Hainsey.
11:08 of 1st period - Shot Hit the Post.
11:36 of 1st period - Slapshot by Kyle Connor.
11:36 of 1st period - Stopped by Thomas Greiss without a rebound.
11:37 of 1st period - Chris Kelly wins face-off versus Mike Ribeiro in Oilers zone.
11:39 of 1st period - Minor Penalty to Corey Perry for Hooking.
11:40 of 1st period - Artemi Panarin wins face-off versus Ryan Johansen in Oilers zone.
11:50 of 1st period - Snap shot by Artemi Panarin.
11:50 of 1st period - Stopped by Thomas Greiss with a rebound.
11:52 of 1st period - Snap shot by Brayden Schenn.
11:52 of 1st period - Goal by Brayden Schenn - Rangers : 1 - Oilers : 0.
11:53 of 1st period - Ryan Johansen wins face-off versus Jason Spezza in neutral zone.
11:56 of 1st period - Wrist shot by Ryan Johansen.
11:56 of 1st period - Stopped by Henrik Lundqvist with a rebound.
12:08 of 1st period - Snap shot by Brayden Schenn.
12:08 of 1st period - Shot Misses the Net.
12:18 of 1st period - Ryan Johansen is hit by Ian Cole and loses puck.
12:27 of 1st period - Snap shot by Ben Smith.
12:27 of 1st period - Shot Misses the Net.
12:35 of 1st period - Wrist shot by Corey Perry.
12:35 of 1st period - Stopped by Henrik Lundqvist without a rebound.
12:36 of 1st period - Mike Ribeiro wins face-off versus Mikael Backlund in Rangers zone.
12:36 of 1st period - Mike Ribeiro is hit by Pierre-Alexandre Parenteau.
12:39 of 1st period - Minor Penalty to Mike Ribeiro for Cross-checking.
12:40 of 1st period - Ryan Johansen wins face-off versus Ben Smith in Rangers zone.
12:46 of 1st period - Snap shot by Justin Abdelkader.
12:46 of 1st period - Shot Misses the Net.
12:48 of 1st period - Wrist shot by Aaron Ekblad.
12:48 of 1st period - Shot Misses the Net.
12:50 of 1st period - Wrist shot by Marc-Edouard Vlasic.
12:50 of 1st period - Stopped by Henrik Lundqvist without a rebound.
12:51 of 1st period - Ryan Johansen wins face-off versus Ben Smith in Rangers zone.
13:17 of 1st period - Johan Larsson is hit by Mikael Backlund and loses puck.
14:39 of 1st period - Penalty to Mike Ribeiro is over, Mike Ribeiro is back on ice.
14:50 of 1st period - Wrist shot by Sonny Milano.
14:50 of 1st period - Stopped by Henrik Lundqvist with a rebound.
14:52 of 1st period - Slapshot by Chris Kelly.
14:52 of 1st period - Shot Misses the Net.
14:54 of 1st period - Slapshot by Vince Dunn.
14:54 of 1st period - Stopped by Henrik Lundqvist without a rebound.
14:55 of 1st period - Nico Hischier wins face-off versus Jason Spezza in Rangers zone.
15:00 of 1st period - Wrist shot by Nico Hischier.
15:00 of 1st period - Stopped by Henrik Lundqvist without a rebound.
15:01 of 1st period - Jason Spezza wins face-off versus Nico Hischier in Rangers zone.
15:12 of 1st period - Snap shot by Nico Hischier.
15:12 of 1st period - Deflect By Ryan Johansen.
15:12 of 1st period - Shot Misses the Net.
15:12 of 1st period - Puck is out of play.
15:13 of 1st period - Mikael Backlund wins face-off versus Mike Ribeiro in Rangers zone.
15:16 of 1st period - Wrist shot by Mikael Backlund.
15:16 of 1st period - Stopped by Henrik Lundqvist without a rebound.
15:17 of 1st period - Mikael Backlund wins face-off versus Mike Ribeiro in Rangers zone.
15:28 of 1st period - Snap shot by Kyle Connor.
15:28 of 1st period - Stopped by Thomas Greiss without a rebound.
15:29 of 1st period - Ryan Johansen wins face-off versus Mike Ribeiro in Oilers zone.
15:44 of 1st period - Wrist shot by Justin Williams.
15:44 of 1st period - Shot Blocked by Justin Abdelkader.
15:59 of 1st period - Aaron Ekblad is hit by Brayden Schenn and loses puck.
16:16 of 1st period - Slapshot by Jason Chimera.
16:16 of 1st period - Stopped by Thomas Greiss with a rebound.
16:32 of 1st period - Snap shot by Johan Larsson.
16:32 of 1st period - Stopped by Thomas Greiss with a rebound.
16:34 of 1st period - Slapshot by Ben Smith.
16:34 of 1st period - Stopped by Thomas Greiss with a rebound.
16:36 of 1st period - Slapshot by Gustav Olofsson.
16:36 of 1st period - Stopped by Thomas Greiss without a rebound.
16:37 of 1st period - Mikael Backlund wins face-off versus Johan Larsson in Oilers zone.
17:49 of 1st period - Artemi Panarin is hit by Mikael Backlund and loses puck.
19:06 of 1st period - Wrist shot by Brayden Schenn.
19:06 of 1st period - Stopped by Thomas Greiss with a rebound.
19:09 of 1st period - Icing by Vernon Fiddler.
19:10 of 1st period - Vernon Fiddler wins face-off versus Jason Spezza in Oilers zone.
19:58 of 1st period - Wrist shot by Brayden Schenn.
19:58 of 1st period - Shot Blocked by Marco Scandella.
Goals for this period are 1 for Rangers vs 0 for Oilers.
Shots for this period are 13 for Rangers vs 10 for Oilers.

2nd period


0:01 of 2nd period - Jason Spezza wins face-off versus Ryan Johansen in neutral zone.
0:04 of 2nd period - Wrist shot by Brayden Schenn.
0:04 of 2nd period - Goal by Brayden Schenn - Rangers : 2 - Oilers : 0.
0:05 of 2nd period - Jason Spezza wins face-off versus Ryan Johansen in neutral zone.
0:08 of 2nd period - Aaron Ekblad is hit by Brayden Schenn and loses puck.
0:56 of 2nd period - Torrey Mitchell is hit by Kyle Quincey.
1:10 of 2nd period - Tyler Motte is hit by Esa Lindell.
1:28 of 2nd period - Minor Penalty to Justin Abdelkader for Cross-checking.
1:29 of 2nd period - Ryan Johansen wins face-off versus Jason Spezza in Oilers zone.
2:30 of 2nd period - Icing by Ian Cole.
2:31 of 2nd period - Jason Spezza wins face-off versus Corey Perry in Rangers zone.
2:50 of 2nd period - Aaron Ekblad is hit by Matt Niskanen and loses puck.
2:57 of 2nd period - Slapshot by Mike Ribeiro.
2:57 of 2nd period - Goal by Mike Ribeiro - Rangers : 3 - Oilers : 0.
2:58 of 2nd period - Ryan Johansen wins face-off versus Jason Spezza in neutral zone.
3:27 of 2nd period - Slapshot by Pierre-Alexandre Parenteau.
3:27 of 2nd period - Stopped by Henrik Lundqvist with a rebound.
3:29 of 2nd period - Slapshot by Pierre-Alexandre Parenteau.
3:29 of 2nd period - Stopped by Henrik Lundqvist without a rebound.
3:30 of 2nd period - Mikael Backlund wins face-off versus Mike Ribeiro in Rangers zone.
4:27 of 2nd period - Snap shot by Mikael Backlund.
4:27 of 2nd period - Stopped by Henrik Lundqvist with a rebound.
5:01 of 2nd period - Snap shot by Mike Ribeiro.
5:01 of 2nd period - Stopped by Thomas Greiss without a rebound.
5:02 of 2nd period - Ryan Johansen wins face-off versus Mike Ribeiro in Oilers zone.
5:17 of 2nd period - Snap shot by Mike Ribeiro.
5:17 of 2nd period - Shot Misses the Net.
5:59 of 2nd period - Wrist shot by Sonny Milano.
5:59 of 2nd period - Shot Hit the Post.
6:39 of 2nd period - Wrist shot by Brayden Schenn.
6:39 of 2nd period - Stopped by Thomas Greiss without a rebound.
6:40 of 2nd period - Jason Spezza wins face-off versus Nico Hischier in Oilers zone.
6:41 of 2nd period - Snap shot by Brayden Schenn.
6:41 of 2nd period - Stopped by Thomas Greiss with a rebound.
6:43 of 2nd period - Snap shot by Jason Spezza.
6:43 of 2nd period - Deflect By Artemi Panarin.
6:43 of 2nd period - Stopped by Thomas Greiss without a rebound.
6:44 of 2nd period - Jason Spezza wins face-off versus Corey Perry in Oilers zone.
6:49 of 2nd period - Wrist shot by Brayden Schenn.
6:49 of 2nd period - Shot Blocked by Corey Perry.
7:13 of 2nd period - Slapshot by Mike Ribeiro.
7:13 of 2nd period - Shot Blocked by Marco Scandella.
7:15 of 2nd period - Slapshot by Matt Niskanen.
7:15 of 2nd period - Stopped by Thomas Greiss with a rebound.
8:03 of 2nd period - Corey Perry is hit by Ron Hainsey and loses puck.
8:24 of 2nd period - Wrist shot by Artemi Panarin.
8:24 of 2nd period - Shot Misses the Net.
8:26 of 2nd period - Snap shot by Brayden Schenn.
8:26 of 2nd period - Shot Misses the Net.
9:13 of 2nd period - Icing by Esa Lindell.
9:14 of 2nd period - Jason Spezza wins face-off versus Nico Hischier in Rangers zone.
9:43 of 2nd period - Wrist shot by Torrey Mitchell.
9:43 of 2nd period - Stopped by Thomas Greiss without a rebound.
9:44 of 2nd period - Torrey Mitchell wins face-off versus Mikael Backlund in Oilers zone.
10:12 of 2nd period - Off-side.
10:13 of 2nd period - Ryan Johansen wins face-off versus Jason Spezza in neutral zone.
11:02 of 2nd period - Snap shot by Ryan Johansen.
11:02 of 2nd period - Stopped by Henrik Lundqvist without a rebound.
11:03 of 2nd period - Mikael Backlund wins face-off versus Jason Spezza in Rangers zone.
12:01 of 2nd period - Snap shot by Corey Perry.
12:01 of 2nd period - Stopped by Henrik Lundqvist without a rebound.
12:02 of 2nd period - Mike Ribeiro wins face-off versus Ryan Johansen in Rangers zone.
12:53 of 2nd period - Snap shot by Corey Perry.
12:53 of 2nd period - Stopped by Henrik Lundqvist without a rebound.
12:54 of 2nd period - Mikael Backlund wins face-off versus Jason Spezza in Rangers zone.
12:57 of 2nd period - Slapshot by Mikael Backlund.
12:57 of 2nd period - Deflect By Pierre-Alexandre Parenteau.
12:57 of 2nd period - Shot Misses the Net.
12:57 of 2nd period - Puck is out of play.
12:58 of 2nd period - Mikael Backlund wins face-off versus Jason Spezza in Rangers zone.
13:01 of 2nd period - Snap shot by Jordan Eberle.
13:01 of 2nd period - Stopped by Henrik Lundqvist with a rebound.
13:39 of 2nd period - Snap shot by Mikael Backlund.
13:39 of 2nd period - Shot Misses the Net.
14:28 of 2nd period - Wrist shot by Kyle Connor.
14:28 of 2nd period - Stopped by Thomas Greiss with a rebound.
14:30 of 2nd period - Snap shot by Justin Williams.
14:30 of 2nd period - Shot Misses the Net.
14:32 of 2nd period - Slapshot by Kyle Connor.
14:32 of 2nd period - Stopped by Thomas Greiss with a rebound.
15:02 of 2nd period - Marc-Edouard Vlasic is hit by Torrey Mitchell and loses puck.
15:11 of 2nd period - Mikael Backlund is hit by Torrey Mitchell.
15:35 of 2nd period - Snap shot by Justin Abdelkader.
15:35 of 2nd period - Shot Misses the Net.
15:37 of 2nd period - Slapshot by Marco Scandella.
15:37 of 2nd period - Stopped by Henrik Lundqvist without a rebound.
15:38 of 2nd period - Chris Kelly wins face-off versus Jason Spezza in Rangers zone.
15:39 of 2nd period - Snap shot by Corey Perry.
15:39 of 2nd period - Stopped by Henrik Lundqvist with a rebound.
15:43 of 2nd period - Snap shot by Corey Perry.
15:43 of 2nd period - Shot Misses the Net.
15:45 of 2nd period - Slapshot by Zbynek Michalek.
15:45 of 2nd period - Shot Misses the Net.
15:47 of 2nd period - Snap shot by Justin Abdelkader.
15:47 of 2nd period - Shot Misses the Net.
15:49 of 2nd period - Snap shot by Corey Perry.
15:49 of 2nd period - Stopped by Henrik Lundqvist with a rebound.
15:51 of 2nd period - Wrist shot by Justin Abdelkader.
15:51 of 2nd period - Shot Misses the Net.
15:53 of 2nd period - Slapshot by Vince Dunn.
15:53 of 2nd period - Stopped by Henrik Lundqvist without a rebound.
15:54 of 2nd period - Nico Hischier wins face-off versus Mike Ribeiro in Rangers zone.
16:08 of 2nd period - Slapshot by Esa Lindell.
16:08 of 2nd period - Stopped by Thomas Greiss with a rebound.
16:10 of 2nd period - Snap shot by Justin Williams.
16:10 of 2nd period - Shot Misses the Net.
16:21 of 2nd period - Minor Penalty to Brayden Schenn for Holding Stick.
16:22 of 2nd period - Ryan Johansen wins face-off versus Ben Smith in Rangers zone.
16:23 of 2nd period - Wrist shot by Corey Perry.
16:23 of 2nd period - Stopped by Henrik Lundqvist without a rebound.
16:24 of 2nd period - Ryan Johansen wins face-off versus Ben Smith in Rangers zone.
16:25 of 2nd period - Snap shot by Corey Perry.
16:25 of 2nd period - Shot Misses the Net.
17:43 of 2nd period - Shawn Matthias is hit by Aaron Ekblad and loses puck.
18:21 of 2nd period - Penalty to Brayden Schenn is over, Brayden Schenn is back on ice.
18:28 of 2nd period - Slapshot by Sonny Milano.
18:28 of 2nd period - Shot Misses the Net.
18:32 of 2nd period - Slapshot by Sonny Milano.
18:32 of 2nd period - Goal by Sonny Milano - Rangers : 3 - Oilers : 1.
18:33 of 2nd period - Jason Spezza wins face-off versus Nico Hischier in neutral zone.
18:44 of 2nd period - Snap shot by Artemi Panarin.
18:44 of 2nd period - Stopped by Thomas Greiss without a rebound.
18:45 of 2nd period - Kyle Connor wins face-off versus Ryan Johansen in Oilers zone.
18:46 of 2nd period - Snap shot by Justin Williams.
18:46 of 2nd period - Deflect By Mike Ribeiro.
18:46 of 2nd period - Stopped by Thomas Greiss with a rebound.
18:48 of 2nd period - Backhand shot by Kyle Connor.
18:48 of 2nd period - Stopped by Thomas Greiss with a rebound.
Goals for this period are 2 for Rangers vs 1 for Oilers.
Shots for this period are 14 for Rangers vs 13 for Oilers.

3rd period


0:01 of 3rd period - Ryan Johansen wins face-off versus Mike Ribeiro in neutral zone.
0:14 of 3rd period - Marc-Edouard Vlasic is hit by Ian Cole and loses puck.
0:35 of 3rd period - Snap shot by Brayden Schenn.
0:35 of 3rd period - Shot Misses the Net.
1:03 of 3rd period - Snap shot by Torrey Mitchell.
1:03 of 3rd period - Shot Misses the Net.
1:05 of 3rd period - Wrist shot by Nick Ritchie.
1:05 of 3rd period - Shot Misses the Net.
1:07 of 3rd period - Wrist shot by Torrey Mitchell.
1:07 of 3rd period - Shot Misses the Net.
1:34 of 3rd period - Icing by Kyle Quincey.
1:35 of 3rd period - Mike Ribeiro wins face-off versus Chris Kelly in Oilers zone.
1:49 of 3rd period - Slapshot by Kyle Quincey.
1:49 of 3rd period - Shot Misses the Net.
1:51 of 3rd period - Slapshot by Chris Kelly.
1:51 of 3rd period - Shot Hit the Post.
2:42 of 3rd period - Off-side.
2:43 of 3rd period - Vernon Fiddler wins face-off versus Johan Larsson in neutral zone.
3:00 of 3rd period - Minor Penalty to Johan Larsson for Holding.
3:01 of 3rd period - Ryan Johansen wins face-off versus Ben Smith in Rangers zone.
5:00 of 3rd period - Penalty to Johan Larsson is over, Johan Larsson is back on ice.
5:11 of 3rd period - Tyler Motte is hit by Torrey Mitchell and loses puck.
5:18 of 3rd period - Gustav Olofsson is hit by Tyler Motte and loses puck.
5:44 of 3rd period - Kyle Quincey is hit by Matt Niskanen and loses puck.
6:51 of 3rd period - Slapshot by Ian Cole.
6:51 of 3rd period - Stopped by Thomas Greiss with a rebound.
6:58 of 3rd period - Icing by Pierre-Alexandre Parenteau.
6:59 of 3rd period - Mike Ribeiro wins face-off versus Ryan Johansen in Oilers zone.
7:00 of 3rd period - Snap shot by Kyle Connor.
7:00 of 3rd period - Goal by Kyle Connor - Rangers : 4 - Oilers : 1.
7:01 of 3rd period - Ryan Johansen wins face-off versus Jason Spezza in neutral zone.
7:26 of 3rd period - Gustav Olofsson is hit by Aaron Ekblad and loses puck.
8:26 of 3rd period - Slapshot by Zdeno Chara.
8:26 of 3rd period - Shot Blocked by Pierre-Alexandre Parenteau.
8:28 of 3rd period - Wrist shot by Ben Smith.
8:28 of 3rd period - Stopped by Thomas Greiss without a rebound.
8:29 of 3rd period - Johan Larsson wins face-off versus Mikael Backlund in Oilers zone.
9:04 of 3rd period - Brayden Schenn is hit by Corey Perry and loses puck.
9:17 of 3rd period - Wrist shot by Artemi Panarin.
9:17 of 3rd period - Stopped by Thomas Greiss with a rebound.
9:19 of 3rd period - Wrist shot by Brayden Schenn.
9:19 of 3rd period - Stopped by Thomas Greiss with a rebound.
9:21 of 3rd period - Slapshot by Matt Niskanen.
9:21 of 3rd period - Shot Blocked by Tyler Motte.
9:23 of 3rd period - Slapshot by Ian Cole.
9:23 of 3rd period - Stopped by Thomas Greiss without a rebound.
9:24 of 3rd period - Mike Ribeiro wins face-off versus Nico Hischier in Oilers zone.
9:31 of 3rd period - Wrist shot by Mike Ribeiro.
9:31 of 3rd period - Stopped by Thomas Greiss without a rebound.
9:32 of 3rd period - Nico Hischier wins face-off versus Mike Ribeiro in Oilers zone.
9:45 of 3rd period - Snap shot by Ryan Johansen.
9:45 of 3rd period - Shot Misses the Net.
9:57 of 3rd period - Snap shot by Jason Spezza.
9:57 of 3rd period - Deflect By Artemi Panarin.
9:57 of 3rd period - Shot Misses the Net.
9:57 of 3rd period - Puck is out of play.
9:58 of 3rd period - Mikael Backlund wins face-off versus Jason Spezza in Oilers zone.
9:58 of 3rd period - Mikael Backlund is hit by Brayden Schenn.
10:04 of 3rd period - Ron Hainsey is hit by Marc-Edouard Vlasic and loses puck.
11:02 of 3rd period - Wrist shot by Mikael Backlund.
11:02 of 3rd period - Shot Misses the Net.
11:04 of 3rd period - Snap shot by Jordan Eberle.
11:04 of 3rd period - Stopped by Henrik Lundqvist without a rebound.
11:05 of 3rd period - Ryan Johansen wins face-off versus Mike Ribeiro in Rangers zone.
11:15 of 3rd period - Minor Penalty to Zdeno Chara for Tripping.
11:16 of 3rd period - Johan Larsson wins face-off versus Corey Perry in Rangers zone.
11:24 of 3rd period - Johan Larsson is hit by Justin Abdelkader and loses puck.
11:47 of 3rd period - Esa Lindell is hit by Aaron Ekblad and loses puck.
13:15 of 3rd period - Penalty to Zdeno Chara is over, Zdeno Chara is back on ice.
13:49 of 3rd period - Icing by Nico Hischier.
13:50 of 3rd period - Torrey Mitchell wins face-off versus Nico Hischier in Oilers zone.
14:05 of 3rd period - Slapshot by Jason Chimera.
14:05 of 3rd period - Shot Blocked by Nico Hischier.
14:17 of 3rd period - Snap shot by Artemi Panarin.
14:17 of 3rd period - Stopped by Thomas Greiss with a rebound.
14:19 of 3rd period - Backhand shot by Ian Cole.
14:19 of 3rd period - Shot Misses the Net.
14:21 of 3rd period - Slapshot by Gustav Olofsson.
14:21 of 3rd period - Shot Blocked by Zbynek Michalek.
14:35 of 3rd period - Mike Ribeiro is hit by Sonny Milano and loses puck.
14:49 of 3rd period - Kyle Connor is hit by Marc-Edouard Vlasic and loses puck.
14:58 of 3rd period - Wrist shot by Sonny Milano.
14:58 of 3rd period - Shot Misses the Net.
15:02 of 3rd period - Slapshot by Marc-Edouard Vlasic.
15:02 of 3rd period - Shot Blocked by Gustav Olofsson.
15:04 of 3rd period - Snap shot by Marc-Edouard Vlasic.
15:04 of 3rd period - Stopped by Henrik Lundqvist without a rebound.
15:05 of 3rd period - Jason Spezza wins face-off versus Ryan Johansen in Rangers zone.
15:30 of 3rd period - Jordan Eberle is hit by Esa Lindell and loses puck.
15:43 of 3rd period - Wrist shot by Torrey Mitchell.
15:43 of 3rd period - Stopped by Thomas Greiss with a rebound.
16:29 of 3rd period - Aaron Ekblad is hit by Esa Lindell and loses puck.
16:34 of 3rd period - Snap shot by Justin Williams.
16:34 of 3rd period - Stopped by Thomas Greiss without a rebound.
16:35 of 3rd period - Mikael Backlund wins face-off versus Mike Ribeiro in Oilers zone.
17:20 of 3rd period - Snap shot by Shawn Matthias.
17:20 of 3rd period - Stopped by Thomas Greiss with a rebound.
17:42 of 3rd period - Brayden Schenn is hit by Jordan Eberle and loses puck.
18:03 of 3rd period - Snap shot by Torrey Mitchell.
18:03 of 3rd period - Shot Misses the Net.
18:05 of 3rd period - Slapshot by Gustav Olofsson.
18:05 of 3rd period - Stopped by Thomas Greiss with a rebound.
18:33 of 3rd period - Kyle Quincey is hit by Brayden Schenn and loses puck.
19:03 of 3rd period - Slapshot by Ian Cole.
19:03 of 3rd period - Stopped by Thomas Greiss without a rebound.
19:04 of 3rd period - Torrey Mitchell wins face-off versus Nico Hischier in Oilers zone.
19:13 of 3rd period - Wrist shot by Nick Ritchie.
19:13 of 3rd period - Shot Misses the Net.
19:15 of 3rd period - Slapshot by Nick Ritchie.
19:15 of 3rd period - Stopped by Thomas Greiss without a rebound.
19:16 of 3rd period - Mikael Backlund wins face-off versus Mike Ribeiro in Oilers zone.
19:16 of 3rd period - Mikael Backlund is hit by Zdeno Chara.
19:22 of 3rd period - Wrist shot by Kyle Connor.
19:22 of 3rd period - Stopped by Thomas Greiss with a rebound.
19:46 of 3rd period - Snap shot by Justin Abdelkader.
19:46 of 3rd period - Shot Misses the Net.
19:48 of 3rd period - Snap shot by Aaron Ekblad.
19:48 of 3rd period - Deflect By Corey Perry.
19:48 of 3rd period - Goal by Corey Perry - Rangers : 4 - Oilers : 2.
19:49 of 3rd period - Nico Hischier wins face-off versus Torrey Mitchell in neutral zone.
Goals for this period are 1 for Rangers vs 1 for Oilers.
Shots for this period are 15 for Rangers vs 3 for Oilers.